 Dungeon Crawl Stone Soup version 0.22-a0-412-g2b68d14 (webtiles) character file.

420 galech the Skirmisher (level 6, -7/53 HPs)
             Began as a Gnoll Wanderer on May 12, 2018.
             Mangled by an orc warrior
             ... wielding a +0 scimitar
              (13 damage)
             ... on level 4 of the Dungeon.
             The game lasted 00:05:37 (3281 turns).

galech the Skirmisher (Gnoll Wanderer)              Turns: 3281, Time: 00:05:38

Health: -7/53      AC:  9    Str: 15    XL:     6   Next: 94%
Magic:  9/9        EV:  7    Int: 13    God:
Gold:   187        SH:  9    Dex: 17    Spells: 9/9 levels left

rFire    . . .     SeeInvis .   r - +1 scimitar (slice)
rCold    . . .     Gourm    .   v - +0 buckler
rNeg     . . .     Faith    .   x - +0 chain mail
rPois    .         Spirit   .   (no helmet)
rElec    .         Reflect  +   (no cloak)
rCorr    .         Harm     .   (no gloves)
MR       .....                  (no boots)
Stlth    ..........             s - +4 amulet of reflection
HPRegen  0.17/turn              (no ring)
MPRegen  0.11/turn              (no ring)

@: no status effects
A: distributed training, fangs 1, strong nose
a: no special abilities


You were on level 4 of the Dungeon.
You were not hungry.

You visited 1 branch of the dungeon, and saw 4 of its levels.

You collected 187 gold pieces.

Inventory:

Hand Weapons
 a - a +2 shortbow
 b - a +0 club
 m - a +0 short sword
 r - a +1 scimitar of slicing (weapon)
Missiles
 e - 100 arrows
Armour
 v - a +0 buckler (worn)
 x - a +0 chain mail (worn)
Jewellery
 j - an uncursed amulet of the gourmand
 s - a +4 amulet of reflection (around neck)
Wands
 d - a wand of polymorph (15)
Scrolls
 g - a scroll of remove curse
 h - 3 scrolls of enchant weapon
 i - 3 scrolls of identify
 k - a scroll of amnesia {unknown}
 l - a scroll of random uselessness {unknown}
 p - a scroll of noise {unknown}
 t - a scroll of fog {unknown}
 w - 3 scrolls of teleportation
Potions
 c - 3 potions of curing
 o - a potion of might {unknown}
 q - a potion of heal wounds {unknown}
Comestibles
 f - 8 rations
 u - 6 chunks of flesh


   Skills:
 + Level 6.9 Fighting
 + Level 2.1 Short Blades
 + Level 2.1 Long Blades
 + Level 2.1 Axes
 + Level 3.3 Maces & Flails
 + Level 2.1 Polearms
 + Level 2.1 Staves
 + Level 2.1 Slings
 + Level 5.0 Bows
 + Level 2.1 Crossbows
 + Level 2.1 Throwing
 + Level 5.0 Armour
 + Level 2.1 Dodging
 + Level 3.2 Stealth
 + Level 2.1 Shields
 + Level 2.1 Unarmed Combat
 + Level 2.1 Spellcasting
 + Level 1.7 Conjurations
 + Level 1.7 Hexes
 + Level 1.7 Charms
 + Level 1.7 Summonings
 + Level 1.7 Necromancy
 + Level 1.7 Translocations
 + Level 1.7 Transmutations
 + Level 1.7 Fire Magic
 + Level 1.7 Ice Magic
 + Level 1.7 Air Magic
 + Level 1.7 Earth Magic
 + Level 1.7 Poison Magic
 + Level 2.3 Invocations
 + Level 3.3 Evocations


You had 9 spell levels left.
You didn't know any spells.
Your spell library was empty.

Dungeon Overview and Level Annotations

Branches:
Dungeon (4/15)
 Temple: D:4-7

Altars:
Cheibriados
Nemelex Xobeh
Ru


Innate Abilities, Weirdness & Mutations

Your experience applies equally to all skills.
You have very sharp teeth.
Your uncanny sense of smell can sniff out nearby items.


Message History

You block the orc's attack.
Unknown command.
You closely miss the orc wizard.
The orc wizard is almost dead.
The orc wizard hits you but does no damage.
The orc warrior hits you with a scimitar!
* * * LOW HITPOINT WARNING * * *
The orc hits you.
* * * LOW HITPOINT WARNING * * *
You block the orc wizard's attack.
You feel better.
The orc wizard hits you but does no damage.
Something hits you but does no damage. The orc hits you.
* * * LOW HITPOINT WARNING * * *
You block the orc warrior's attack.
You hit the orc wizard.
You kill the orc wizard!
Something hits you but does no damage. The orc hits you but does no damage.
The orc warrior hits you with a scimitar!
You die...

.. #oo..o... #.##o#
#.#.o# ∆ #..o.# #..###
##.# ######..#
#o.oo...# #@####.)#
##)oos..........
########..#######.#####
#...<.)....# .#
#..........# #
#..........#
#######.#### #.# #.#


You could see an orc warrior, 4 orcs and a giant cockroach.

Vanquished Creatures
  The ghost of Gaball the Poker, an amateur FoAK of Lugonu (D:4)
  An orc priest (D:3)
  An orc wizard (D:4)
  7 adders
  4 oozes
  2 worms (D:3)
  3 dart slugs
  3 leopard geckos
  5 orcs
  3 giant cockroaches
  5 goblins
  11 hobgoblins
  7 bats
  6 frilled lizards
  9 kobolds
  6 rats
74 creatures vanquished.

Notes
Turn   | Place    | Note
-------+----------+-------------------------------------------
     0 | D:1      | galech the Gnoll Wanderer began the quest for the Orb.
     0 | D:1      | galech set off with: a +2 shortbow, 21 arrows, 2 potions of curing, a +0 robe, a ration
     0 | D:1      | Reached XP level 1. HP: 23/23 MP: 2/2
    21 | D:1      | Reached XP level 2. HP: 23/29 MP: 3/3
   321 | D:1      | Reached XP level 3. HP: 35/35 MP: 4/4
   671 | D:1      | Reached skill level 1 in Invocations
  1145 | D:2      | Reached skill level 1 in Short Blades
  1145 | D:2      | Reached skill level 1 in Long Blades
  1145 | D:2      | Reached skill level 1 in Axes
  1145 | D:2      | Reached skill level 1 in Polearms
  1145 | D:2      | Reached skill level 1 in Staves
  1145 | D:2      | Reached skill level 1 in Slings
  1145 | D:2      | Reached skill level 1 in Crossbows
  1145 | D:2      | Reached skill level 1 in Throwing
  1145 | D:2      | Reached skill level 1 in Dodging
  1145 | D:2      | Reached skill level 1 in Shields
  1145 | D:2      | Reached skill level 1 in Unarmed Combat
  1145 | D:2      | Reached skill level 1 in Spellcasting
  1269 | D:2      | Reached XP level 4. HP: 41/41 MP: 6/6
  1417 | D:2      | Found a snail-covered altar of Cheibriados.
  1637 | D:2      | Reached skill level 1 in Conjurations
  1637 | D:2      | Reached skill level 1 in Hexes
  1637 | D:2      | Reached skill level 1 in Charms
  1637 | D:2      | Reached skill level 1 in Summonings
  1637 | D:2      | Reached skill level 1 in Necromancy
  1637 | D:2      | Reached skill level 1 in Translocations
  1637 | D:2      | Reached skill level 1 in Transmutations
  1637 | D:2      | Reached skill level 1 in Fire Magic
  1637 | D:2      | Reached skill level 1 in Ice Magic
  1637 | D:2      | Reached skill level 1 in Air Magic
  1637 | D:2      | Reached skill level 1 in Earth Magic
  1637 | D:2      | Reached skill level 1 in Poison Magic
  2151 | D:3      | Reached XP level 5. HP: 47/47 MP: 7/7
  2402 | D:3      | Found a sacrificial altar of Ru.
  2940 | D:3      | Found a sparkling altar of Nemelex Xobeh.
  3249 | D:4      | Noticed Gaball's ghost (amateur FoAK)
  3251 | D:4      | Noticed an orc warrior
  3259 | D:4      | Killed Gaball's ghost
  3259 | D:4      | Reached skill level 5 in Bows
  3259 | D:4      | Reached skill level 5 in Armour
  3259 | D:4      | Reached XP level 6. HP: 41/53 MP: 7/9
  3279 | D:4      | HP: 2/53 [orc (2)]
  3281 | D:4      | Mangled by an orc warrior

Vault maps used:
D:1:      erik_arrival_cave_to_civilisation, supply_closet_lemuel, st_stairs_3,
          amethyst_killhole, minmay_misc_feat_enclosed
D:2:      kennysheep_slug_shrine, first_ration, minmay_pentomino_w4
D:3:      nemelex_xobeh_ov_fountains_minmay, nicolae_ru_awakened_eye
D:4:      minmay_temple_entry_glass, xom_teletrap_fun

Skill      XL: |  1  2  3  4  5 |
---------------+----------------+-----
Invocations    | 1 2 |  2.3
Short Blades   | 1 2 |  2.1
Long Blades    | 1 2 |  2.1
Axes           | 1 2 |  2.1
Polearms       | 1 2 |  2.1
Staves         | 1 2 |  2.1
Slings         | 1 2 |  2.1
Crossbows      | 1 2 |  2.1
Throwing       | 1 2 |  2.1
Dodging        | 1 2 |  2.1
Shields        | 1 2 |  2.1
Unarmed Combat | 1 2 |  2.1
Spellcasting   | 1 2 |  2.1
Conjurations   | 1 |  1.7
Hexes          | 1 |  1.7
Charms         | 1 |  1.7
Summonings     | 1 |  1.7
Necromancy     | 1 |  1.7
Translocations | 1 |  1.7
Transmutations | 1 |  1.7
Fire Magic     | 1 |  1.7
Ice Magic      | 1 |  1.7
Air Magic      | 1 |  1.7
Earth Magic    | 1 |  1.7
Poison Magic   | 1 |  1.7
Maces & Flails | 3 |  3.3
Evocations     | 3 |  3.3
Bows           | 5 |  5.0
Armour         | 5 |  5.0
Stealth        | 3 |  3.2
Fighting       | |  6.9

Action                   |  1- 3 |  4- 6 || total
-------------------------+-------+-------++-------
Melee: Scimitar          |       |    99 ||    99
       Bite              |       |    13 ||    13
 Fire: Shortbow          |    80 |    18 ||    98
  Use: Scroll            |       |     4 ||     4
       Potion            |       |     1 ||     1
 Stab: Sleeping          |       |     5 ||     5
  Eat: Chunk             |     1 |     6 ||     7
Armor: Robe              |     9 |       ||     9
       Ring mail         |       |    22 ||    22
       Chain mail        |       |    20 ||    20
Dodge: Dodged            |    26 |    49 ||    75
Block: Buckler           |       |    50 ||    50
       Other             |       |     1 ||     1
       Reflection        |       |     3 ||     3
       Rpst.: Scimitar   |       |    17 ||    17

Table legend:
 A = Spawn XP
 B = Non-spawn XP
 C = Spawn XP percentage of total XP
 D = Spawn monster count
 E = Non-spawn monster count
 F = Spawn count percentage of total count
 G = Total turns spent on level
                    A         B        C        D         E        F      G
               +---------+---------+-------+---------+---------+-------+---------
         Total |       0 |     601 |   0.0 |       0 |      74 |   0.0 |  3281
               +---------+---------+-------+---------+---------+-------+---------
           D:1 |       0 |      60 |   0.0 |       0 |      29 |   0.0 |  1130
           D:2 |       0 |      93 |   0.0 |       0 |      20 |   0.0 |   978
           D:3 |       0 |     125 |   0.0 |       0 |      21 |   0.0 |  1117
           D:4 |       0 |     323 |   0.0 |       0 |       4 |   0.0 |    56
               +---------+---------+-------+---------+---------+-------+---------
